 Dungeon Crawl Stone Soup version 0.31-a0-859-g9dce7d3444 (webtiles) character file.

Game seed: 2865112793503071791

1805951 wingedge the Slayer (level 27, 211/211 HPs)
             Began as a Human Wanderer on Oct 6, 2023.
             Was a High Priest of Hepliaklqana.
             Escaped with the Orb
             ... and 3 runes on Oct 9, 2023!
             The game lasted 03:38:14 (57558 turns).

wingedge the Slayer (Human Wanderer)               Turns: 57558, Time: 03:38:14

Health: 211/211    AC: 40    Str: 30    XL:     27
Magic:  35/35      EV: 18    Int: 15    God:    Hepliaklqana [*****.]
Gold:   2505       SH: 29    Dex: 19    Spells: 26/42 levels left

rFire   + . .        a - +9 broad axe (flame)
rCold   + . .        Q - +7 tower shield {rC+}
rNeg    . . .        C - +8 chain mail of Wetoeran {rElec rPois}
rPois   +            w - +2 helmet
rElec   +            D - scarf of Dishonour {shadows, rPois rF+ Will++}
rCorr   .            i - +2 pair of gloves "Zacs" {Rampage Dex+2 Slay+3}
SInv    +            W - +0 pair of boots of Emootego {Str+4 Int+4}
Will    +++++        G - amulet of Vitality {RegenMP++ Regen++}
Stlth   +            s - ring of see invisible
HPRegen 2.15/turn    M - ring of the Tortoise {AC+8}
MPRegen 1.04/turn

%: rampage
@: studying Air Magic
A: reduced essence, thin skeletal structure 1, strong-willed 1, subdued magic 1
0: Orb of Zot
}: 3/15 runes: serpentine, barnacled, silver
a: Renounce Religion, Recall Ancestor, Ancestor Identity, Transference, Idealise


You escaped.
You worshipped Hepliaklqana.
Hepliaklqana was extremely pleased with you.
You visited 10 branches of the dungeon, and saw 48 of its levels.
You also visited: Bailey, Gauntlet and Ice Cave.

You collected 7946 gold pieces.
You spent 5441 gold pieces at shops.

Inventory:

Hand Weapons
 a - a +9 broad axe of flaming (weapon)
 b - a +9 broad axe of freezing
 c - a +5 broad axe of flaming
Missiles
 d - 23 javelins
 r - 19 curare-tipped darts
 x - 21 silver javelins
 L - 5 throwing nets (quivered)
Armour
 i - the +2 pair of gloves "Zacs" (worn) {Rampage Dex+2 Slay+3}
   (You acquired it in a bailey)

   Dex+2:     It affects your dexterity (+2).
   Slay+3:    It affects your accuracy & damage with ranged weapons and melee
   (+3).
   Rampage:   It bestows one free step when moving towards enemies.
 t - a scarf of resistance
 w - a +2 helmet (worn)
 B - the +1 pair of gloves of Knowledge {Regen+ Str+3 SInv}
   (You found it on level 3 of the Elven Halls)

   Str+3:     It affects your strength (+3).
   SInv:      It lets you see invisible.
   Regen+:    It increases your rate of health regeneration.
 C - the +8 chain mail of Wetoeran (worn) {rElec rPois}
   (You took it off an orc on level 1 of the Elven Halls)

   rElec:     It insulates you from electricity.
   rPois:     It protects you from poison
 D - the scarf of Dishonour (worn) {shadows, rPois rF+ Will++}
   (You found it in a Gauntlet)

   rF+:       It protects you from fire.
   rPois:     It protects you from poison Will++: It greatly increases your
   willpower.
 Q - a +7 tower shield of cold resistance (worn)
 W - the +0 pair of boots of Emootego (worn) {Str+4 Int+4}
   (You found it on level 4 of the Depths)

   Str+4:     It affects your strength (+4).
   Int+4:     It affects your intelligence (+4).
Jewellery
 f - a ring of flight
 k - the amulet of Felihav {Acrobat *Corrode rN++}
   (You found it on level 4 of the Realm of Zot)

   [amulet of the acrobat]

   Acrobat:   It increases your evasion while moving and waiting.
   rN++:      It greatly protects you from negative energy.
   *Corrode:  It may corrode you when you take damage.
 s - a ring of see invisible (left hand)
 G - the amulet of Vitality (around neck) {RegenMP++ Regen++}
   (You took it off a vault sentinel on level 5 of the Vaults)

   [amulet of magic regeneration]

   RegenMP:   It increases your rate of magic regeneration.
   Regen++:   It increases your rate of health regeneration.
 K - a ring of resist corrosion
 M - the ring of the Tortoise (right hand) {AC+8}
   (You bought it in a shop on level 2 of the Elven Halls)

   [ring of protection]

   AC+8:      It affects your AC (+8).
 X - a +5 ring of evasion
Wands
 l - a wand of mindburst (21)
 o - a wand of light (31)
 v - a wand of digging (5)
 V - a wand of charming (61)
 Y - a wand of iceblast (39)
Scrolls
 g - 4 scrolls of poison
 j - 4 scrolls of butterflies
 m - 3 scrolls of fear
 q - 4 scrolls of silence
 u - 5 scrolls of fog
 E - 3 scrolls of blinking
 I - 24 scrolls of teleportation
 J - 10 scrolls of immolation
 O - 14 scrolls of identify
 P - 9 scrolls of revelation
Potions
 h - 11 potions of haste
 n - 5 potions of ambrosia
 p - 2 potions of heal wounds
 y - 8 potions of mutation
 F - 6 potions of might
 H - 2 potions of attraction
 N - 7 potions of invisibility
 R - 7 potions of magic
 S - 7 potions of resistance
 T - 4 potions of cancellation
 Z - 15 potions of curing
Miscellaneous
 e - a lightning rod (4/4)
 z - a tin of tremorstones (2/2)
 A - a phantom mirror
 U - a sack of spiders


   Skills:
 + Level 23.3 Fighting
 - Level 17.9(18.0) Axes
 - Level 2.2(11.9) Maces & Flails
 - Level 13.0 Throwing
 + Level 18.1 Armour
 + Level 14.7 Dodging
 - Level 3.2 Stealth
 + Level 18.1 Shields
 - Level 8.0 Spellcasting
 - Level 13.0 Translocations
 - Level 9.0 Transmutations
 - Level 13.0 Air Magic
 - Level 10.0 Invocations
 - Level 12.0 Evocations


You had 26 spell levels left.
You knew the following spells:

 Your Spells              Type           Power      Damage    Failure   Level
a - Wereblood             Tmut           25%        N/A       1%          2
b - Blink                 Tloc           68%        N/A       1%          2
c - Passage of Golubria   Tloc           34%        N/A       1%          4
g - Vhi's Electric Charg  Tloc/Air       68%        N/A       1%          4
j - Manifold Assault      Tloc           34%        N/A       1%          4

Your spell library contained the following spells:

 Spells                   Type           Power      Damage    Failure   Level
 Lesser Beckoning         Tloc           68%        N/A       1%          2
 Gell's Gravitas          Tloc           34%        N/A       1%          3
 Swiftness                Air            34%        N/A       1%          3
 Airstrike                Air            17%        2d(3-19)  1%          4
 Shock                    Conj/Air       76%        1d7       2%          1
 Poisonous Vapours        Pois/Air       38%        N/A       4%          2
 Static Discharge         Conj/Air       38%        2-4/arc   4%          2
 Sting                    Tmut/Pois      60%        1d6       6%          1
 Passwall                 Tmut/Erth      12%        N/A       10%         2
 Cigotuvi's Dreadful Rot  Necr/Pois/Air  28%        N/A       11%         2
 Mephitic Cloud           Conj/Pois/Air  14%        N/A       22%         3
 Summon Lightning Spire   Summ/Air       19%        N/A       30%         4
 Dispersal                Tloc           17%        N/A       32%         6
 Ignite Poison            Fire/Tmut/Pois 11%        N/A       36%         3
 Kiss of Death            Conj/Necr      16%        2d6       41%         1
 Necrotise                Necr           16%        1d4       41%         1
 Slow                     Hex            16%        N/A       41%         1
 Summon Small Mammal      Summ           16%        N/A       41%         1
 Scorch                   Fire           8%         2d5       54%         2
 Arcjolt                  Conj/Air       9%         1d19      63%         5
 Silence                  Hex/Air        9%         N/A       63%         5
 Call Canine Familiar     Summ           4%         N/A       80%         3
 Confusing Touch          Hex            4%         N/A       80%         3
 Dazzling Flash           Conj/Hex       8%         N/A       80%         3
 Frozen Ramparts          Ice            8%         1d2       80%         3
 Hailstorm                Conj/Ice       4%         3d4       80%         3
 Inner Flame              Hex/Fire       4%         N/A       80%         3
 Ozocubu's Armour         Ice            4%         N/A       80%         3
 Sigil of Binding         Hex            4%         N/A       80%         3
 Stone Arrow              Conj/Erth      8%         3d7       80%         3
 Summon Guardian Golem    Hex/Summ       4%         N/A       80%         3
 Tukima's Dance           Hex            4%         N/A       80%         3
 Vampiric Draining        Necr           4%         2d6       80%         3
 Alistair's Intoxication  Tmut/Pois      10%        N/A       89%         5
 Irradiate                Conj/Tmut      7%         3d14      89%         5
 Yara's Violent Unravell  Hex/Tmut       7%         3d5       89%         5
 Freezing Cloud           Conj/Ice/Air   7%         6-21      92%         5
 Anguish                  Hex/Necr       2%         N/A       99%         4
 Animate Armour           Summ/Erth      8%         N/A       99%         4
 Animate Dead             Necr           4%         N/A       99%         4
 Brom's Barrelling Bould  Conj/Erth      4%         2d3       99%         4
 Cause Fear               Hex            2%         N/A       99%         4
 Dispel Undead            Necr           4%         3d7       99%         4
 Flame Wave               Conj/Fire      4%         2d5       99%         4
 Olgreb's Toxic Radiance  Pois           4%         N/A       99%         4
 Sticky Flame             Conj/Fire      4%         2d3       99%         4
 Summon Ice Beast         Ice/Summ       4%         N/A       99%         4
 Conjure Ball Lightning   Conj/Air       9%         3x3d6     99%         6
 Agony                    Necr           4%         N/A       100%        5
 Borgnjor's Vile Clutch   Necr/Erth      2%         N/A       100%        5
 Fireball                 Conj/Fire      2%         3d4       100%        5
 Iskenderun's Battlesphe  Conj           4%         2d6       100%        5
 Metabolic Englaciation   Hex/Ice        2%         N/A       100%        5
 Bombard                  Conj/Erth      2%         9d1       100%        6
 Death Channel            Necr           2%         N/A       100%        6
 Eringya's Noxious Bog    Tmut/Pois      7%         4d6       100%        6
 Simulacrum               Ice/Necr       2%         N/A       100%        6
 Summon Cactus Giant      Summ           2%         N/A       100%        6
 Enfeeble                 Hex            2%         N/A       100%        7
 Haunt                    Necr/Summ      2%         N/A       100%        7
 Malign Gateway           Summ/Tloc      9%         N/A       100%        7
 Orb of Destruction       Conj           2%         9d5       100%        7
 Ozocubu's Refrigeration  Ice            2%         4d7       100%        7
 Spellforged Servitor     Conj/Summ      2%         N/A       100%        7
 Disjunction              Tloc           17%        N/A       100%        8
 Infestation              Necr           2%         N/A       100%        8
 Lehudib's Crystal Spear  Conj/Erth      2%         10d2      100%        8
 Maxwell's Capacitive Co  Air            17%        ∞         100%        8
 Summon Horrible Things   Summ           2%         N/A       100%        8
 Dragon's Call            Summ           2%         N/A       100%        9
 Polar Vortex             Ice            2%         N/A       100%        9


Dungeon Overview and Level Annotations

Branches:
Dungeon (15/15)            Temple (1/1) D:6            Lair (5/5) D:10
 Shoals (4/4) Lair:3        Snake (4/4) Lair:2        Slime (0/5) Lair:5
    Orc (2/2) D:12            Elf (3/3) Orc:2        Vaults (5/5) D:13
  Crypt (0/3) Vaults:2     Depths (4/4) D:15            Zot (5/5) Depths:4
 Bailey (visited)           IceCv (visited)         Gauntlet (visited)

Altars:
Ashenzari
Cheibriados
Dithmenos
Elyvilon
Fedhas
Gozag
Hepliaklqana
Kikubaaqudgha
Makhleb
Nemelex Xobeh
Okawaru
Qazlal
Ru
Sif Muna
Trog
Uskayaw
Vehumet
Wu Jian
Xom
Yredelemnul
Zin
The Shining One
Jiyva

Shops:
D:1 (   D:3 (   D:5 (   Orc:2 :[((?   Elf:2 =   Elf:3 [[   Shoals:4 *
Snake:1 (   Snake:2 *   Snake:3 **   Vaults:1 =   Vaults:2 (   Zot:4 *
Depths:2 =   Depths:4 [?

Portals:
Hell: Depths:1 Depths:2 Depths:3 Depths:4
Abyss: Depths:3
Pandemonium: Depths:2
Ziggurat: Depths:4

Annotations:
D:1 fire res for hat
D:5 Hydra behind wall
D:9 Manifold assault would be nice
Elf:2 2 runed translucent doors


Innate Abilities, Weirdness & Mutations

Your life essence is reduced to manifest your ancestor. (-10% HP)
You have a somewhat thin skeletal structure. (Dex +2, Stealth+)
You are strong-willed. (Will+)
Your spells are a little easier to cast, but a little less powerful.


Message History

Level annotation: fire res for hat You swap places.
There is an open door here.
A chaos spawn comes into view.
Tessa casts a spell.
Tessa seems to speed up.
You barely miss the chaos spawn. You closely miss the chaos spawn.
You block the chaos spawn's attack.
Tessa casts a spell at the chaos spawn.
The crystal spear hits the chaos spawn!!!
The chaos spawn dies!
The chaos spawn degenerates into a cloud of primal chaos!
Okay, then.
You swap places.
An Ice Fiend comes into view.
The Ice Fiend roars!
Your +9 broad axe of freezing stops glowing.
Your +9 broad axe of flaming bursts into flame!
a - a +9 broad axe of flaming (weapon)
You rampage towards the Ice Fiend!
You block the Ice Fiend's attack. x2
You barely miss the Ice Fiend. You block the Ice Fiend's attack. x2
You slice the Ice Fiend!! You burn the Ice Fiend.
The Ice Fiend is moderately wounded.
Tessa hits the Ice Fiend with a +0 lajatang of freezing!
You block the Ice Fiend's attack.
The Ice Fiend claws you but does no damage.
You hit the Ice Fiend but do no damage.
The Ice Fiend is heavily wounded.
Tessa hits the Ice Fiend with a +0 lajatang of freezing!!
You hit the Ice Fiend but do no damage.
The Ice Fiend is severely wounded.
Tessa hits the Ice Fiend with a +0 lajatang of freezing.
You block the Ice Fiend's attack. x2
You hit the Ice Fiend. You burn the Ice Fiend.
The Ice Fiend is severely wounded.
Tessa hits the Ice Fiend with a +0 lajatang of freezing!!
The Ice Fiend dies!
Tessa is no longer moving quickly.
There is a staircase leading out of the dungeon here.
You have escaped!

#.#########...####...# ##.## #
#.#.....##..### ##.## ### #
####.##..#.##..# ##..## ### #
...#.###.#.....# ##....####.# #
##.#.......##..## #.......##.## #
...#####.####...###..##...#...#####
#............#...#..###....#.......
#.####.#.###.##...R#####.....#.####
#.# ###.# #.###.@...###.###.#.# #.#
#...# #..##....###...####.# #.#
#.### ##.####.......## #.# #.# ##.#
#.#..###.....# #.#### #.###..##
#.#...###...## #..... #.......#
#.#........## #.####
#...).).#####.###.###### ###
###..∩..##........#
#.).)....########


You could see the friendly Tessa the battlemage.

Vanquished Creatures
  A pandemonium lord (D:15)
  A seraph (Zot:1)
  3 ancient liches
  2 orbs of fire
  2 dread liches (Zot:5)
  A juggernaut (Depths:4)
  Saint Roka (Orc:2)
  A curse toe (Zot:5)
  3 golden dragons
  Nikola (Elf:1)
  An electric golem (Zot:1)
  5 tentacled monstrosities
  12 Orb Guardians (Zot:5)
  Zenata (Elf:2)
  An Ice Fiend (IceCv)
  The ghost of jejorda2 the Cleaver, an adept GnBe of Trog (Snake:3)
  3 liches
  3 quicksilver dragons
  A deep elf blademaster (Elf:3)
  2 sphinxes
  2 titans
  3 death cobs
  4 deep elf master archers (Elf:3)
  An ancient champion (Vaults:2)
  Kirke (D:13)
  10 storm dragons
  2 shadow dragons
  Agnes (Snake:4)
  5 draconian knights
  A tengu reaver (Depths:3)
  6 fire giants
  Ilsuiw (Shoals:2)
  5 draconian monks
  2 nagarajas (Snake:4)
  4 draconian scorchers
  6 vault wardens
  6 deep elf sorcerers
  5 frost giants
  2 draconian stormcallers (Zot:3)
  2 deep elf elementalists
  4 draconian shifters
  7 ironbound preservers
  2 draconian annihilators (Zot:3)
  A formless jellyfish (Vaults:4)
  15 very ugly things
  4 ironbound thunderhulks
  2 war gargoyles
  3 deep elf demonologists
  2 vampire knights (Depths:3)
  5 black draconians
  3 dire elephants
  Nessos (D:12)
  7 white draconians
  5 yellow draconians
  7 deep elf annihilators (Elf:3)
  3 red draconians
  5 green draconians
  3 stone giants
  A minotaur (Gauntlet)
  6 purple draconians
  3 deep elf death magi (Elf:3)
  4 spark wasps
  A crystal guardian (Vaults:2)
  3 merfolk javelineers (Shoals:4)
  The ghost of randomguy2701 the Prestidigitator, a journeyman GnWn of Sif Muna (Lair:2)
  6 merfolk impalers
  The ghost of promet the Fighter, a journeyman VSFi of Ru (Lair:3)
  2 ettins
  6 fire dragons
  7 yaktaur captains
  8 deep elf high priests
  An entropy weaver (Vaults:5)
  2 great orbs of eyes (Vaults:3)
  Erolcha (D:9)
  4 hydras
  3 anacondas
  6 ice dragons
  A peacekeeper (Vaults:2)
  A death knight (D:13)
  17 vault guards
  2 ogre magi
  3 rakshasas
  8 centaur warriors
  7 ironbound frosthearts
  5 merfolk aquamancers
  5 catoblepae
  21 dancing weapons
  2 satyrs
  2 boulder beetles
  9 two-headed ogres
  2 deep troll shamans
  13 naga warriors
  An alligator snapping turtle (Shoals:1)
  4 orc high priests
  2 merfolk avatars
  9 death yaks
  2 deep troll earth magi
  4 tengu warriors
  A vampire mage (Depths:2)
  2 spriggans (Depths:3)
  A spriggan berserker (Depths:3)
  3 shock serpents
  7 naga sharpshooters
  A hell knight (Vaults:5)
  Nergalle (Lair:2)
  2 skysharks (Shoals:1)
  9 deep elf knights
  A sun demon (D:5)
  3 salamander mystics (Snake:4)
  4 iron trolls
  A skyshark (shapeshifter) (Vaults:5)
  A skeletal warrior (D:15)
  An orange crystal statue (IceCv)
  2 sea snakes
  2 flayed ghosts
  A shadow demon (D:6)
  23 deep trolls
  4 naga ritualists
  A glowing orange brain (Depths:2)
  A bog body (IceCv)
  6 ironbound convokers
  3 spriggan simulacra (IceCv)
  8 harpies
  3 lindwurms
  A golden dragon skeleton (Depths:2)
  9 deep elf archers
  7 wizards
  13 deep elf pyromancers
  4 mana vipers
  5 orc knights
  2 phantasmal warriors (Vaults:5)
  2 necromancers
  A fire giant zombie (D:15)
  6 fauns
  16 deep elf zephyrmancers
  24 ugly things
  4 orc sorcerers
  4 cyclopes
  7 salamanders
  A tengu skeleton (Depths:2)
  11 manticores
  5 guardian serpents
  7 elephants
  19 moths of wrath
  2 merfolk sirens
  2 iron dragon skeletons
  13 vault sentinels
  An orange demon (D:4)
  34 black mambas
  A rust devil (D:15)
  17 naga magi
  A smoke demon (Gauntlet)
  An ice statue (D:15)
  3 water nymphs
  4 torpor snails
  2 molten gargoyles (Lair:5)
  5 cane toads
  3 gargoyles
  3 kobold demonologists
  29 yaktaurs
  3 tengu conjurers
  5 freezing wraiths
  A komodo dragon (shapeshifter) (D:14)
  A tormentor (D:6)
  An ice devil (IceCv)
  8 komodo dragons
  25 merfolk
  4 trolls
  A golden dragon simulacrum (IceCv)
  A queen bee (Lair:2)
  3 wind drakes
  3 meliai (D:13)
  2 polar bears
  An alligator simulacrum (IceCv)
  8 hornets
  A wolf spider simulacrum (D:15)
  A tarantella (Vaults:2)
  6 snapping turtles
  4 dream sheep (Lair:5)
  6 blink frogs
  12 slime creatures
  5 hogs (D:13)
  A wraith (D:14)
  2 wyverns
  Eustachio (D:4)
  2 dire elephant simulacra (IceCv)
  10 water elementals
  2 fire elementals
  6 basilisks
  41 yaks
  3 minotaur simulacra (IceCv)
  7 vampire mosquitoes
  8 redbacks
  3 steam dragons (Lair:5)
  A warg (Orc:2)
  A harpy simulacrum (IceCv)
  36 nagas
  8 water moccasins
  An acid dragon (D:11)
  4 hell hounds (Lair:5)
  A floating eye (Gauntlet)
  A swamp drake (D:12)
  2 black bears
  2 ettin simulacra (IceCv)
  31 orc warriors
  19 wolves
  11 centaurs
  5 ogres
  2 boggarts (Vaults:2)
  11 kobold brigands
  A phantom (D:2)
  10 earth elementals
  7 bullfrogs
  A scorpion (Lair:2)
  4 deep troll simulacra (IceCv)
  7 wights
  14 killer bees
  3 electric eels (Snake:2)
  2 howler monkeys (D:10)
  4 lava snakes (Lair:5)
  A crimson imp (Gauntlet)
  4 jellies
  14 orc priests
  A gnoll bouda (D:7)
  2 hounds
  A sleepcap (D:8)
  2 iguanas
  4 hell rats (Lair:1)
  24 orc wizards
  17 gnolls
  5 adders
  An ufetubus (D:7)
  A worm (D:2)
  4 dart slugs
  67 orcs
  9 endoplasms
  A giant cockroach (D:2)
  15 goblins
  10 hobgoblins
  4 jackals (D:2)
  18 kobolds
  3 quokkas
  3 ball pythons
  4 bats
  2 frilled lizards
  10 rats
1345 creatures vanquished.

Vanquished Creatures (collateral kills)
  A pandemonium lord (Depths:2)
  A dread lich (Zot:5)
  Mara (Shoals:4)
  3 Killer Klowns (Zot:5)
  3 golden dragons
  An electric golem (Zot:5)
  A Tzitzimitl (Depths:2)
  2 tentacled monstrosities
  Jorgrun (D:13)
  4 liches
  A Hell Sentinel (D:6)
  An Ice Fiend (D:1)
  11 Orb Guardians
  Asterion (Elf:2)
  A sphinx (Depths:2)
  3 quicksilver dragons
  2 titans (Vaults:5)
  A kraken (Shoals:4)
  6 death cobs
  4 shadow dragons
  Polyphemus (Shoals:3)
  8 storm dragons
  A revenant (Vaults:2)
  5 tengu reavers (Vaults:5)
  Donald (Shoals:4)
  3 nagarajas (Snake:4)
  4 draconian monks (Zot:4)
  3 fire giants
  2 draconian knights
  Roxanne (Shoals:2)
  3 iron dragons
  7 deep elf sorcerers
  A draconian scorcher (Zot:5)
  5 vault wardens
  3 deep elf elementalists (Elf:3)
  6 frost giants
  A balrug (D:5)
  Louise (Shoals:4)
  3 orc warlords
  A draconian annihilator (Zot:4)
  2 draconian shifters
  9 ironbound preservers
  2 angels (Zot:1)
  A spriggan defender (Depths:2)
  A war gargoyle (Vaults:5)
  A formless jellyfish (Vaults:1)
  4 very ugly things
  A vampire knight (Depths:2)
  5 stone giants
  3 deep elf annihilators (Elf:3)
  4 ironbound thunderhulks
  2 black draconians
  2 dire elephants (Vaults:1)
  5 green draconians
  4 red draconians
  4 white draconians
  4 purple draconians
  4 deep elf demonologists
  3 yellow draconians
  2 spark wasps (Depths:2)
  An eidolon (Vaults:2)
  A blizzard demon (D:15)
  3 deep elf death magi
  5 ettins
  A crystal guardian (Vaults:2)
  7 merfolk javelineers
  8 fire dragons
  3 jiangshi (Depths:2)
  2 merfolk impalers
  An entropy weaver (Vaults:2)
  3 yaktaur captains
  A rakshasa (Depths:2)
  2 deep elf high priests (Elf:3)
  6 ice dragons
  2 hydras
  A salamander tyrant (Snake:4)
  14 vault guards
  A peacekeeper (Vaults:2)
  A catoblepas (Shoals:3)
  2 anacondas (Snake:1)
  3 merfolk avatars
  2 ogre magi (Vaults:5)
  2 merfolk aquamancers (Shoals:4)
  4 centaur warriors
  4 ironbound frosthearts
  An alligator snapping turtle (Shoals:3)
  A deep troll shaman (Depths:4)
  3 two-headed ogres
  18 dancing weapons
  2 tengu warriors
  Urug (Orc:2)
  2 boulder beetles
  9 naga warriors
  4 death yaks
  3 deep troll earth magi
  2 satyrs
  A demonic crawler (D:14)
  2 shock serpents (Snake:3)
  4 naga sharpshooters
  2 spriggan berserkers
  A sun demon (D:5)
  A cherub (Zot:1)
  3 salamander mystics (Snake:4)
  6 deep elf knights
  A sixfirhy (Depths:4)
  A skeletal warrior (D:15)
  3 skysharks
  5 sea snakes
  17 deep trolls
  A shadow wraith (Vaults:4)
  2 glowing orange brains
  A naga ritualist (Snake:4)
  A flayed ghost (D:15)
  An obsidian statue (IceCv)
  7 lindwurms
  10 deep elf archers
  A phantasmal warrior (Vaults:5)
  6 ironbound convokers
  A spriggan simulacrum (IceCv)
  9 deep elf pyromancers
  5 wizards
  5 harpies
  6 orc knights
  5 mana vipers
  7 salamanders
  5 orc sorcerers
  12 deep elf zephyrmancers
  A cyclops (D:15)
  12 ugly things
  2 elephants
  4 fauns
  A mana viper (shapeshifter) (Vaults:5)
  6 manticores
  6 moths of wrath
  8 merfolk sirens
  7 naga magi
  2 torpor snails
  A molten gargoyle (Lair:5)
  4 vault sentinels
  An eye of devastation (Gauntlet)
  A torpor snail (shapeshifter) (Vaults:5)
  3 guardian serpents
  4 water nymphs
  14 black mambas
  2 cane toads
  11 yaktaurs
  A minotaur zombie (Gauntlet)
  3 unseen horrors
  A komodo dragon (Lair:5)
  An efreet (D:15)
  2 freezing wraiths (IceCv)
  A tengu conjurer (Depths:3)
  A troll (D:10)
  A meliai (Lair:2)
  4 hornets
  14 merfolk
  2 wind drakes
  A tarantella (Vaults:2)
  2 spriggan zombies (D:15)
  2 blink frogs (Lair:4)
  3 snapping turtles
  13 slime creatures
  A shadow (D:11)
  12 water elementals
  2 spriggans (Depths:3)
  A wyvern (D:8)
  3 basilisks
  A human (D:13)
  13 yaks
  A chaos spawn (D:1)
  2 hogs (D:13)
  A redback (shapeshifter) (Vaults:5)
  A steam dragon (D:7)
  4 vampire mosquitoes
  2 wargs
  A minotaur simulacrum (IceCv)
  22 nagas
  A redback (D:14)
  2 acid dragons
  4 water moccasins
  13 orc warriors
  A small abomination (Depths:2)
  A black bear (D:5)
  2 boggarts (Vaults:2)
  2 ogres
  7 wolves
  3 centaurs
  A phantom (D:5)
  6 kobold brigands
  An earth elemental (Elf:3)
  2 bullfrogs (D:8)
  A gnoll sergeant (D:13)
  A scorpion (D:6)
  6 wights
  8 killer bees
  A lindwurm simulacrum (IceCv)
  An electric eel (D:6)
  2 crimson imps (Gauntlet)
  3 hounds
  A lava snake (Lair:5)
  3 jellies
  4 orc priests
  16 orc wizards
  2 iguanas
  2 hell rats (Lair:1)
  9 gnolls
  An adder (D:6)
  A white imp (D:5)
  An ufetubus (D:6)
  31 orcs
  2 goblins
  4 hobgoblins (Bailey)
  4 kobolds
  A butterfly (Lair:2)
790 creatures vanquished.

Vanquished Creatures (others)
  A lich (D:15)
  A centaur warrior (Vaults:4)
  2 deep elf pyromancers (Elf:1)
  2 deep elf zephyrmancers (Elf:1)
  An air elemental (Elf:1)
  44 battlemagi
  An orc (D:7)
  A kobold (D:10)
53 creatures vanquished.

Grand Total: 2188 creatures vanquished

Notes
Turn   | Place    | Note
-------+----------+-------------------------------------------
     0 | D:1      | wingedge the Human Wanderer began the quest for the Orb.
     0 | D:1      | wingedge set off with the following items: a +0 dagger, an
                  | atropa-tipped dart, 2 datura-tipped darts, a +0 mace, a
                  | potion of mutation, a potion of curing, a +0 leather
                  | armour.
     0 | D:1      | Reached XP level 1. HP: 13/13 MP: 2/2
   293 | D:1      | Found a faded altar of an unknown god.
   310 | D:1      | Reached XP level 2. HP: 19/19 MP: 3/3
   801 | D:1      | Found Umomuwul's Weapon Shop.
   811 | D:1      | Bought a +0 sling for 16 gold pieces
  1247 | D:2      | Identified the scarf of Baemam {harm, -Tele rCorr Int-4
                  | Stlth+}
  1433 | D:2      | Reached XP level 3. HP: 19/25 MP: 4/4
  1563 | D:2      | Reached skill level 1 in Fighting
  1763 | D:3      | Found Zugexat's Antique Weapon Shop.
  1973 | D:3      | Found a hazy altar of Hepliaklqana.
  1981 | D:3      | Became a worshipper of Hepliaklqana the Forgotten
  2146 | D:3      | Reached skill level 2 in Fighting
  2146 | D:3      | Reached skill level 1 in Axes
  2146 | D:3      | Reached XP level 4. HP: 32/33 MP: 5/5
  2221 | D:2      | Noticed a phantom
  2229 | D:2      | Killed a phantom
  2230 | D:2      | Reached XP level 5. HP: 24/38 MP: 6/6
  3309 | D:4      | Noticed an orc warrior
  3330 | D:4      | Killed an orc warrior
  3331 | D:4      | Reached skill level 3 in Fighting
  3331 | D:4      | Reached XP level 6. HP: 14/47 MP: 7/7
  3543 | D:4      | Noticed Eustachio
  3581 | D:4      | Killed Eustachio
  3582 | D:4      | Reached skill level 5 in Axes
  3582 | D:4      | Reached XP level 7. HP: 44/52 MP: 8/8
  3687 | D:4      | Reached skill level 1 in Throwing
  4231 | D:4      | Reached * piety under Hepliaklqana
  4358 | D:4      | Found a sacrificial altar of Ru.
  4658 | D:5      | Entered Level 5 of the Dungeon
  4680 | D:5      | Reached skill level 4 in Fighting
  4680 | D:5      | Reached XP level 8. HP: 54/54 MP: 6/9
  4946 | D:5      | Reached ** piety under Hepliaklqana
  4947 | D:5      | Remembered your ancestor Tessa as a battlemage
  5055 | D:5      | Found Esosky's Hydra Hut.
  5056 | D:5      | Noticed a five-headed hydra
  5142 | D:5      | Identified the +6 short sword "Jobbois" {flame, rPois rF-
                  | Stlth+}
  5988 | D:6      | Reached XP level 9. HP: 59/59 MP: 10/10
  6174 | D:6      | Reached skill level 5 in Fighting
  6174 | D:6      | Reached skill level 5 in Armour
  6500 | D:5      | Bought a +2 broad axe of flaming for 268 gold pieces
  6560 | D:6      | Found a staircase to the Ecumenical Temple.
  6580 | Temple   | Entered the Ecumenical Temple
  7131 | D:7      | Reached skill level 6 in Fighting
  7139 | D:7      | Noticed a troll
  7146 | D:7      | Killed a troll
  7147 | D:7      | Reached XP level 10. HP: 47/68 MP: 11/11
  7318 | D:7      | Reached *** piety under Hepliaklqana
  7663 | D:8      | Noticed a two-headed ogre
  7667 | D:8      | Noticed an unseen horror
  7670 | D:8      | Killed a two-headed ogre
  7670 | D:8      | Noticed a six-headed hydra
  7671 | D:8      | Reached skill level 10 in Axes
  7676 | D:8      | Killed a two-headed hydra
  7886 | D:8      | Reached skill level 7 in Fighting
  7994 | D:8      | Reached XP level 11. HP: 71/75 MP: 13/13
  8109 | D:8      | Found a blossoming altar of Fedhas.
  8152 | D:8      | Found a flagged portal.
  8163 | Bailey   | Entered a bailey
  8201 | Bailey   | Reached skill level 1 in Shields
  8371 | Bailey   | Noticed an orc knight
  8384 | Bailey   | Killed an orc knight
  8714 | Bailey   | Noticed an orc warlord
  8792 | Bailey   | Killed an orc warlord
  8870 | Bailey   | Reached skill level 8 in Fighting
  8961 | Bailey   | Acquired the amulet of Accord {Reflect Str+4 Int+5 Dex-5
                  | SH+5}
  8973 | Bailey   | Acquired the +2 pair of gloves "Zacs" {Rampage Dex+2
                  | Slay+3}
  9171 | D:8      | Found an opulent altar of Gozag.
  9295 | D:8      | Identified the +0 robe of Koetsisk {Regen+}
  9750 | D:9      | Reached **** piety under Hepliaklqana
 10042 | D:9      | Noticed a two-headed ogre
 10046 | D:9      | Killed a two-headed ogre
 10178 | D:9      | Noticed Erolcha
 10186 | D:9      | Killed Erolcha
 10187 | D:9      | Reached XP level 12. HP: 84/84 MP: 15/15
 10323 | D:9      | Noticed a two-headed ogre
 10335 | D:9      | Killed a two-headed ogre
 10542 | D:10     | Entered Level 10 of the Dungeon
 10611 | D:10     | Paralysed by a hornet for 3 turns
 10727 | D:10     | Reached ***** piety under Hepliaklqana
 10946 | D:10     | Found a glowing golden altar of the Shining One.
 11144 | D:10     | Found a staircase to the Lair.
 11410 | Lair:1   | Entered Level 1 of the Lair of Beasts
 11634 | Lair:1   | Noticed a catoblepas
 11641 | Lair:1   | Killed a catoblepas
 11642 | Lair:1   | Reached skill level 9 in Fighting
 11764 | Lair:1   | Identified the +1 robe "Yrhuxkos" {+Blink rPois Dex-2
                  | Archmagi}
 12357 | Lair:1   | Reached skill level 5 in Invocations
 12363 | Lair:1   | Reached skill level 5 in Shields
 12715 | Lair:1   | Found a snail-covered altar of Cheibriados.
 12777 | Lair:1   | Reached XP level 13. HP: 90/90 MP: 17/17
 13021 | Lair:2   | Found a transporter.
 13022 | Lair:2   | Found a transporter.
 13022 | Lair:2   | Noticed randomguy2701's ghost (journeyman GnWn)
 13110 | Lair:2   | Reached skill level 5 in Throwing
 13320 | Lair:2   | Found a staircase to the Snake Pit.
 13379 | Lair:2   | Noticed Nergalle
 13387 | Lair:2   | Killed Nergalle
 13459 | Lair:2   | Reached skill level 5 in Dodging
 13779 | Lair:3   | Noticed a catoblepas
 13787 | Lair:3   | Killed a catoblepas
 14212 | Lair:3   | Noticed a four-headed hydra
 14220 | Lair:3   | Killed a two-headed hydra
 14382 | Lair:3   | Found a transporter.
 14396 | Lair:3   | Found a transporter.
 14401 | Lair:3   | Noticed promet's ghost (journeyman VSFi)
 14746 | Lair:3   | Found a staircase to the Shoals.
 14986 | Lair:4   | Reached skill level 10 in Fighting
 14994 | Lair:4   | Reached skill level 10 in Armour
 15007 | Lair:4   | Reached XP level 14. HP: 70/99 MP: 19/19
 15181 | Lair:4   | Reached ****** piety under Hepliaklqana
 15837 | Lair:5   | Entered Level 5 of the Lair of Beasts
 16186 | Lair:5   | Found a large runed translucent door.
 16186 | Lair:5   | Found a large runed translucent door.
 16726 | Lair:5   | Got a weird book
 16906 | Lair:5   | Reached XP level 15. HP: 79/105 MP: 21/21
 16995 | Lair:5   | Found a staircase to the Slime Pits.
 17474 | D:11     | Reached skill level 11 in Fighting
 18264 | D:12     | Found a staircase to the Orcish Mines.
 18776 | D:12     | Noticed Nessos
 18783 | D:12     | Killed Nessos
 19078 | Orc:1    | Entered Level 1 of the Orcish Mines
 19523 | Orc:2    | Entered Level 2 of the Orcish Mines
 19532 | Orc:2    | Found Boyr's Book Boutique.
 19558 | Orc:2    | Bought a book of Changes for 252 gold pieces
 19561 | Orc:2    | Learned a level 2 spell: Wereblood
 19623 | Orc:2    | Found a staircase to the Elven Halls.
 19878 | Orc:2    | Noticed Saint Roka
 20181 | Orc:2    | Killed Saint Roka
 20182 | Orc:2    | Reached skill level 1 in Transmutations
 20632 | Orc:2    | Found Kull's Antique Weapon Emporium.
 20632 | Orc:2    | Found Ceuchi's Magic Scroll Emporium.
 20650 | Orc:2    | Found Rymuej's Antique Weapon Shoppe.
 20659 | Orc:2    | Found Xisesown's Antique Armour Shoppe.
 20773 | Orc:2    | Bought a scroll of poison for 72 gold pieces
 20773 | Orc:2    | Bought a scroll of identify for 36 gold pieces
 20773 | Orc:2    | Bought a scroll of identify for 36 gold pieces
 20777 | Orc:2    | Bought a transparent scale mail for 234 gold pieces
 20777 | Orc:2    | Identified the +4 scale mail of Pandemonium {rF+ Regen+
                  | Slay-5} (You bought it in a shop on level 2 of the Orcish
                  | Mines)
 20938 | Orc:2    | Upgraded the game from 0.31-a0-851-g7ff8af7976 to
                  | 0.31-a0-854-g362426d53f
 20946 | Orc:2    | Noticed Urug
 20956 | Orc:2    | Killed Urug
 21034 | Orc:2    | Reached skill level 15 in Axes
 22015 | D:13     | Noticed Kirke
 22175 | D:13     | Reached XP level 16. HP: 89/113 MP: 23/23
 22550 | D:13     | Noticed Jorgrun
 22561 | D:13     | Killed Jorgrun
 22849 | D:13     | Found a gate to the Vaults.
 22899 | D:13     | Killed Kirke
 23047 | D:14     | Found a gate leading to a gauntlet.
 23070 | Gauntlet | Entered a Gauntlet
 23070 | Gauntlet | Found a transporter.
 23070 | Gauntlet | Found a transporter.
 23076 | Gauntlet | Found a transporter.
 23092 | Gauntlet | Found a transporter.
 23110 | Gauntlet | Found a transporter.
 23124 | Gauntlet | Found a transporter.
 23147 | Gauntlet | Found a transporter.
 23217 | Gauntlet | Found a transporter.
 23232 | Gauntlet | Found a transporter.
 23244 | Gauntlet | Found a transporter.
 23272 | Gauntlet | Found a transporter.
 23279 | Gauntlet | Found a transporter.
 23303 | Gauntlet | Found a transporter.
 23316 | Gauntlet | Found a transporter.
 23359 | Gauntlet | Found a transporter.
 23380 | Gauntlet | Found a transporter.
 23535 | Gauntlet | Identified the +2 hat of the Devil's Team {-Tele +Inv rCorr
                  | Stlth+}
 23663 | Gauntlet | Identified the scarf of Dishonour {shadows, rPois rF+
                  | Will++}
 23702 | Gauntlet | Reached skill level 1 in Evocations
 23705 | Gauntlet | Identified the +3 robe of Fashionability {Dex+2}
 23809 | D:14     | Reached skill level 12 in Fighting
 24055 | D:14     | Reached skill level 10 in Invocations
 24095 | D:14     | Found a viscous altar of Jiyva.
 24345 | D:15     | Entered Level 15 of the Dungeon
 24522 | D:15     | Found a staircase to the Depths.
 24540 | D:15     | Reached XP level 17. HP: 59/119 MP: 24/24
 24704 | D:15     | Found a frozen archway.
 24718 | IceCv    | Entered an ice cave
 25189 | IceCv    | Noticed an Ice Fiend
 25198 | IceCv    | Killed an Ice Fiend
 25199 | IceCv    | Reached skill level 10 in Shields
 25201 | IceCv    | Reached skill level 5 in Transmutations
 25351 | IceCv    | Identified the +0 pair of gloves "Kuphus" {rPois rC+ Int+4}
 25762 | D:15     | Found an ornate altar of the Wu Jian Council.
 26150 | Lair:2   | Killed randomguy2701's ghost
 26313 | Lair:3   | HP: 5/119 [black mamba (19)]
 26314 | Lair:3   | HP: 2/119 [poisoned by a black mamba]
 26338 | Lair:3   | Killed promet's ghost
 26470 | Lair:2   | Upgraded the game from 0.31-a0-854-g362426d53f to
                  | 0.31-a0-859-g9dce7d3444
 26471 | Snake:1  | Entered Level 1 of the Snake Pit
 26959 | Snake:1  | Found Erchetz's Weapon Shoppe.
 27533 | Snake:2  | Found Fewergh's Fabulous Fripperies.
 27544 | Snake:2  | Bought a manual of Fighting for 960 gold pieces
 27574 | Snake:2  | Reached skill level 13 in Fighting
 28343 | Snake:3  | Reached XP level 18. HP: 129/129 MP: 25/25
 28642 | Snake:3  | Reached skill level 5 in Evocations
 28706 | Snake:3  | Found a runed translucent door.
 28707 | Snake:3  | Noticed jejorda2's ghost (adept GnBe)
 28707 | Snake:3  | Found the +7 Throatcutter {drain, coup de grace}
 28725 | Snake:3  | Found Ebeqin's Assorted Antiques.
 28729 | Snake:3  | Found Menuuf's General Store.
 28732 | Snake:3  | Bought a runed helmet for 180 gold pieces
 28743 | Snake:3  | Bought a potion of attraction for 33 gold pieces
 28743 | Snake:3  | Bought a potion of lignification for 33 gold pieces
 28849 | Snake:3  | Reached skill level 14 in Fighting
 28956 | Snake:3  | Killed jejorda2's ghost
 29151 | Snake:4  | Entered Level 4 of the Snake Pit
 29430 | Snake:4  | Noticed Agnes
 29440 | Snake:4  | Killed Agnes
 29909 | Snake:4  | Reached skill level 15 in Fighting
 30112 | Snake:4  | Reached XP level 19. HP: 137/139 MP: 26/26
 30417 | Snake:4  | Got a serpentine rune of Zot
 30872 | Orc:2    | Bought a scroll of blinking for 135 gold pieces
 30872 | Orc:2    | Bought a scroll of butterflies for 72 gold pieces
 31079 | Shoals:1 | Entered Level 1 of the Shoals
 31604 | Shoals:1 | Reached skill level 16 in Fighting
 32073 | Shoals:2 | Reached skill level 10 in Throwing
 32233 | Shoals:2 | Noticed Ilsuiw
 32243 | Shoals:2 | Killed Ilsuiw
 32543 | Shoals:2 | Identified the +1 animal skin "Neell" {-Cast +Blink Dex+5
                  | SInv}
 32799 | Shoals:2 | Noticed Roxanne
 32808 | Shoals:2 | Killed Roxanne
 32809 | Shoals:2 | Reached skill level 10 in Dodging
 33144 | Shoals:3 | Identified the +4 mace "Gaisota" {heavy, rElec SInv}
 33219 | Shoals:3 | Noticed Polyphemus
 33231 | Shoals:3 | Killed Polyphemus
 33389 | Shoals:3 | Reached skill level 17 in Fighting
 33815 | Shoals:4 | Entered Level 4 of the Shoals
 33850 | Shoals:4 | Reached XP level 20. HP: 148/151 MP: 25/27
 34011 | Shoals:4 | Noticed Donald
 34017 | Shoals:4 | Killed Donald
 34025 | Shoals:4 | Found Dojut's General Store.
 34093 | Shoals:4 | Bought a potion of ambrosia for 104 gold pieces
 34264 | Shoals:4 | Got a barnacled rune of Zot
 34279 | Shoals:4 | Noticed Louise
 34286 | Shoals:4 | Noticed Mara
 34297 | Shoals:4 | Killed Mara
 34299 | Shoals:4 | Killed Louise
 34950 | Shoals:4 | Identified the +2 shortbow "Sofogh" {heavy, Int+2}
 35486 | Elf:1    | Entered Level 1 of the Elven Halls
 35686 | Elf:1    | Reached skill level 18 in Fighting
 36068 | Elf:1    | Identified the +8 chain mail of Wetoeran {rElec rPois}
 36292 | Elf:1    | Identified the +0 scimitar "Newtslayer" {elec, Drain rPois
                  | rC+ Int+3}
 36302 | Elf:1    | Found a runed translucent gate.
 36302 | Elf:1    | Found a runed translucent gate.
 36302 | Elf:1    | Found a runed translucent gate.
 36302 | Elf:1    | Found a runed translucent gate.
 36303 | Elf:1    | Found a runed translucent gate.
 36303 | Elf:1    | Found a runed translucent gate.
 36373 | Elf:1    | Identified the +2 ring mail of Happiness {rC+ Regen+}
 36469 | Elf:1    | Noticed Nikola
 36482 | Elf:1    | Killed Nikola
 36483 | Elf:1    | Reached XP level 21. HP: 94/160 MP: 23/28
 36902 | Elf:2    | Found Mimeckim's Jewellery Emporium.
 36937 | Elf:2    | Bought the ring of the Tortoise {AC+8} for 1920 gold pieces
 36937 | Elf:2    | Found the ring of the Tortoise {AC+8}
 37017 | Elf:2    | Found a large runed translucent door.
 37017 | Elf:2    | Found a large runed translucent door.
 37049 | Elf:2    | Found a large runed translucent door.
 37049 | Elf:2    | Found a large runed translucent door.
 37887 | Elf:2    | Noticed Asterion
 37893 | Elf:2    | Gained mutation: Your magical capacity is low. (-10% MP) [a
                  | cacodemon]
 37895 | Elf:2    | Killed Asterion
 38242 | Elf:2    | Reached skill level 10 in Evocations
 38343 | Elf:2    | Noticed Zenata
 38356 | Elf:2    | Killed Zenata
 38535 | Elf:3    | Entered Level 3 of the Elven Halls
 38664 | Elf:3    | Identified the +7 mace "Tynorit" {heavy, Will+ Str+3 Dex+4}
 38844 | Elf:3    | Reached skill level 19 in Fighting
 39169 | Elf:3    | Found Demug's Antique Armour Emporium.
 39299 | Elf:3    | Found Geur's Armour Emporium.
 39706 | Elf:3    | Reached XP level 22. HP: 138/169 MP: 26/26
 40287 | Elf:3    | Identified the +5 battleaxe "Giantslayer" {drain, Dex+8
                  | Stlth+}
 40287 | Elf:3    | Identified the ring "Zariu" {Wiz SInv}
 40683 | Elf:3    | Identified the +1 pair of gloves of Knowledge {Regen+ Str+3
                  | SInv}
 40703 | Elf:3    | Identified the +0 pair of boots of Trumpets {rC+ Will+
                  | Stlth+}
 41075 | Vaults:1 | Entered Level 1 of the Vaults
 41820 | Vaults:1 | Found Gaexto's Jewellery Emporium.
 42484 | Vaults:2 | Found Jywur's Weapon Shoppe.
 42780 | Vaults:2 | Reached skill level 20 in Fighting
 42823 | Vaults:2 | Reached XP level 23. HP: 176/176 MP: 27/27
 42940 | Vaults:2 | Reached skill level 15 in Shields
 43247 | Vaults:2 | Reached skill level 1 in Translocations
 43371 | Vaults:2 | Found a staircase to the Crypt.
 43869 | Vaults:3 | Learned a level 2 spell: Blink
 45460 | Vaults:5 | Entered Level 5 of the Vaults
 45567 | Vaults:5 | Reached skill level 5 in Spellcasting
 45577 | Vaults:5 | Reached skill level 21 in Fighting
 45582 | Vaults:5 | Reached XP level 24. HP: 155/187 MP: 26/27
 45674 | Vaults:5 | Reached skill level 5 in Translocations
 45684 | Vaults:5 | Noticed a golden dragon
 45688 | Vaults:5 | Killed a golden dragon
 45911 | Vaults:5 | Reached skill level 15 in Armour
 46005 | Vaults:5 | Learned a level 4 spell: Manifold Assault
 46010 | Vaults:5 | Learned a level 4 spell: Passage of Golubria
 46066 | Vaults:5 | Got a silver rune of Zot
 46069 | Vaults:5 | Identified the +1 flail "Goblinbane" {venom, rC+ Str+2}
 46078 | Vaults:5 | Identified the +0 cloak of Tenacity {*Slow MP-9 Int+8 SInv}
 47100 | Vaults:5 | Learned a level 4 spell: Vhi's Electric Charge
 47314 | Vaults:5 | Got an unusual book
 48087 | Depths:1 | Entered Level 1 of the Depths
 48275 | Depths:1 | Found a gateway to Hell.
 48513 | Depths:1 | Reached XP level 25. HP: 183/194 MP: 28/28
 48523 | Depths:1 | Got a foxed book
 49042 | Depths:2 | Found a one-way gate leading to the halls of Pandemonium.
 49737 | Depths:2 | Identified the +1 whip of Disintegration {venom, rElec
                  | Str+2}
 49766 | Depths:2 | Reached skill level 22 in Fighting
 49783 | Depths:2 | Found Dexod's Jewellery Emporium.
 49951 | Depths:2 | Found a white marble altar of Elyvilon.
 50137 | Depths:2 | Reached skill level 10 in Translocations
 50425 | Depths:3 | Found a blossoming altar of Fedhas.
 50438 | Depths:3 | Reached skill level 1 in Air Magic
 50714 | Depths:3 | Found a one-way gate to the infinite horrors of the Abyss.
 50820 | Depths:3 | Got a conspicuous book
 51093 | Depths:4 | Entered Level 4 of the Depths
 51123 | Depths:4 | Noticed a juggernaut
 51140 | Depths:4 | Reached skill level 5 in Air Magic
 51142 | Depths:4 | Killed a juggernaut
 51353 | Depths:4 | Found a gate to the Realm of Zot.
 51542 | Depths:4 | Reached XP level 26. HP: 173/201 MP: 31/31
 51714 | Depths:4 | Found a one-way gateway to a ziggurat.
 51750 | Depths:4 | Identified the +0 pair of boots of Emootego {Str+4 Int+4}
 51867 | Depths:4 | Found Xyquost's Antique Armour Shoppe.
 51876 | Depths:4 | Bought a twisted scarf for 310 gold pieces
 51876 | Depths:4 | Identified the scarf of the Spheres {rC+ rF+, Dex+3} (You
                  | bought it in a shop on level 4 of the Depths)
 51876 | Depths:4 | Found Wikuhiub's Magic Scroll Emporium.
 51886 | Depths:4 | Bought a scroll of acquirement for 780 gold pieces
 51886 | Depths:4 | Acquired 544 gold pieces
 51983 | Zot:1    | Entered Level 1 of the Realm of Zot
 52815 | Zot:1    | Lost mutation: Your magical capacity is low. (-10% MP)
                  | [potion of mutation]
 52815 | Zot:1    | Gained mutation: You are frail. (-10% HP) [potion of
                  | mutation]
 52815 | Zot:1    | Gained mutation: You sometimes lose your temper in combat.
                  | [potion of mutation]
 52815 | Zot:1    | Gained mutation: You are partially covered in iridescent
                  | scales. (AC +2) [potion of mutation]
 52816 | Zot:1    | Lost mutation: You are partially covered in iridescent
                  | scales. (AC +2) [potion of mutation]
 52816 | Zot:1    | Lost mutation: You are frail. (-10% HP) [potion of
                  | mutation]
 52816 | Zot:1    | Lost mutation: You sometimes lose your temper in combat.
                  | [potion of mutation]
 52816 | Zot:1    | Gained mutation: You have a somewhat thin skeletal
                  | structure. (Dex +2, Stealth+) [potion of mutation]
 52816 | Zot:1    | Gained mutation: Your spells are a little easier to cast,
                  | but a little less powerful. [potion of mutation]
 52970 | Zot:2    | Reached skill level 10 in Air Magic
 54860 | Zot:4    | Identified the amulet of Felihav {Acrobat *Corrode rN++}
 55117 | Zot:4    | Found Ugeubloe's Changing Room.
 55208 | Zot:4    | Reached XP level 27. HP: 202/208 MP: 35/35
 55324 | Zot:4    | Noticed an orb of fire
 55325 | Zot:4    | Noticed an ancient lich
 55334 | Zot:4    | Killed an orb of fire
 55350 | Zot:4    | Killed an ancient lich
 55395 | Zot:4    | Found a stormy altar of Qazlal.
 55416 | Zot:4    | Identified the +9 halberd of Optimality {heavy, Will+ MP+9
                  | Str-4}
 55421 | Zot:4    | Identified the +1 ice dragon scales of the Saviour {rF-
                  | rC++ Int+8}
 56064 | Zot:5    | Entered Level 5 of the Realm of Zot
 56420 | Zot:5    | Noticed an orb of fire
 56429 | Zot:5    | Noticed a dread lich
 56433 | Zot:5    | Noticed a dread lich
 56436 | Zot:5    | Killed a dread lich
 56449 | Zot:5    | Killed a dread lich
 56456 | Zot:5    | Noticed a Killer Klown
 56456 | Zot:5    | Noticed a Killer Klown
 56459 | Zot:5    | Gained mutation: You are strong-willed. (Will+) [an orb of
                  | fire]
 56464 | Zot:5    | Noticed an ancient lich
 56465 | Zot:5    | Killed an orb of fire
 56471 | Zot:5    | Killed a Killer Klown
 56477 | Zot:5    | Noticed an ancient lich
 56480 | Zot:5    | Noticed a dread lich
 56488 | Zot:5    | Killed an ancient lich
 56496 | Zot:5    | Killed an ancient lich
 56525 | Zot:5    | Killed a dread lich
 56546 | Zot:5    | Killed a Killer Klown
 56559 | Zot:5    | Reached skill level 23 in Fighting
 56682 | Zot:5    | Noticed a Killer Klown
 56689 | Zot:5    | Killed a Killer Klown
 56775 | Zot:5    | Got the Orb of Zot
 56888 | Zot:1    | Noticed a seraph
 56896 | Zot:1    | Identified the +0 tower shield of Makhleb's Generosity
                  | {-Cast rPois Str+2 Dex+3}
 56897 | Zot:1    | Killed a seraph
 57033 | Depths:2 | Noticed Osidoa Sucw the pandemonium lord
 57059 | Depths:2 | Killed Osidoa Sucw the pandemonium lord
 57205 | D:15     | Noticed Dogusi Zogo the pandemonium lord
 57219 | D:15     | Killed Dogusi Zogo the pandemonium lord
 57558 | D:$      | Escaped with the Orb!

Illustrated notes

Levels and vault maps discovered:
D:1:      dpeg_arrival_arbitrary_b, layout_basic, serial_shops,
          nicolae_shop_scrapyard, ebering_ecumenical_altar_box,
          lemuel_flame_loot_1
D:2:      layout_basic
D:3:      layout_basic, lemuel_coloured_pillars_altar, serial_shops,
          nicolae_shop_trees, saegor_snake_ambush
D:4:      layout_loops_ring, mainiacjoe_overflow_small_starburst,
          grunt_tough_drop, uniq_eustachio
D:5:      layout_basic, doesnt_shop_hydraphobe
D:6:      layout_cave_pods, minmay_temple_entry_fiery, nicolae_lava_and_water
D:7:      layout_rooms, water_boxes_lemuel
D:8:      minmay_ornate_pinched, layout_loops_corners,
          mainiacjoe_overflow_swirl, enter_bailey_3
D:9:      layout_irregular_city, chequers_serial_rivers_small_b,
          nicolae_benzene_ring, uniq_erolcha
D:10:     layout_roguey, mainiacjoe_overflow_cross_hatched, lair_entry_dummy,
          special_room [special_room_kobold], serial_glass, glass_columns_c,
          glass_columns_c, nicolae_elevator_lobby_asterisk
D:11:     layout_roguey, serial_glass, glass_columns_c, glass_columns_a
D:12:     layout_irregular_city, erik_orc_1, uniq_nessos
D:13:     layout_irregular_city, grunt_vaults_entry_fortified, st_stairs_11,
          hangedman_cracks_in_the_wall, uniq_jorgrun, uniq_kirke
D:14:     layout_roguey, chequers_serial_rivers_small_3, gauntlet_entry_generic,
          drop_trap, jiyva_altar_1
D:15:     gammafunk_depths_entry_grave, layout_cave_pools,
          portal_ice_cave_entry_ice_statue_one, pdpol_wu_jian_five_deadly_venoms
Temple:   sentei_temple_godly_chess
Lair:1:   layout_roguey, kennysheep_snail_temple
Lair:2:   layout_big_grid, dummy_snake_entry, gammafunk_ghost_hive,
          lemuel_fruit_tree, infiniplex_staircase_pool, lemuel_fruit_fields,
          uniq_nergalle
Lair:3:   layout_chaotic_city, minmay_shoals_entry_lonely_mermaid,
          gammafunk_ghost_berserking_beasts, dreamdust_wasp_nest,
          serial_bayou_shore_b
Lair:4:   layout_hall_layers, grunt_megastairs_4, infiniplex_staircase_pool_2
Lair:5:   cheibrodos_lair_end_hotspot, layout_loops_ring, slime_entry_1,
          serial_bayou_shore_b
Shoals:1: layout_shoals
Shoals:2: argonaut_golden_fleece, layout_shoals, nicolae_shoals_hunting_party,
          uniq_ilsuiw, uniq_roxanne
Shoals:3: layout_shoals, uniq_polyphemus
Shoals:4: shoals_end_simple, layout_shoals, serial_shops, nicolae_shop_trees,
          uniq_donald, uniq_louise, uniq_mara
Snake:1:  layout_grid_maze, serial_shops, shop, nicolae_triple_integral
Snake:2:  layout_onion_interference, nicolae_alphabet_shops,
          serial_bayou_shore_a, grunt_megastairs_2
Snake:3:  layout_onion, gammafunk_ghost_grave, evilmike_ambush
          [evilmike_ambush_outer_basic, evilmike_ambush_inner_pond],
          minmay_shop_star, serial_bayou_shore_b, serial_bayou_shore_b
Snake:4:  johnstein_snake_rune_scales, layout_cave_town, uniq_agnes
Orc:1:    layout_caves, basic_altar
Orc:2:    st_orc_mages, layout_caves, basic_altar, serial_shops, shop_fountains,
          uniq_saint_roka, uniq_urug
Elf:1:    minmay_elf_arrival_circle, layout_geoelf_diagonals, orc_legates,
          eino_tiny_chamber, uniq_nikola
Elf:2:    elven_hall_of_blades_hangedman_alternative
          [nicolae_blade_entry_splitting_headache], layout_loops_corners,
          serial_shops, shop, uniq_asterion, uniq_zenata
Elf:3:    minmay_elf_hall_four_x, layout_geoelf_castle, serial_shops, shop, shop
Vaults:1: nicolae_vaults_meiosis, hangedman_vaults_slice,
          nicolae_vaults_ellipses_ellipsis, nicolae_vaults_gold_heap,
          nicolae_vaults_little_squares_6, hangedman_vaults_corner,
          nicolae_vaults_spaceships, v_misc_28,
          ontoclasm_vaults_decontamination, nicolae_vaults_apartment_2,
          layout_vaults_chaotic_city, serial_shops, shop
Vaults:2: minmay_crypt_entry_simple_sparse, v_misc_5, v_pattern_2,
          hangedman_vaults_nails, v_misc_9, nicolae_vaults_trapezoid_layered,
          nicolae_vaults_storage_closets_3, nicolae_vaults_layer_cake_slice,
          nicolae_vaults_rhombus_7, hangedman_vaults_maws, v_misc_24,
          grunt_vaults_hallway_short, layout_vaults_ring, serial_shops,
          shop_statue
Vaults:3: grunt_vaults_twisty, nicolae_vaults_network_barrier,
          nicolae_vaults_tetromino_T_2, v_misc_1, vaults_room_grid,
          vaults_dpeg_ring, v_misc_8, layout_vaults_omnigrid
Vaults:4: nicolae_vaults_twisting_passages,
          vaults_standard_mumra_enter_the_diamond, v_rooms_6,
          nicolae_vaults_double_plus_1, nicolae_vaults_ring_of_whatevers,
          nicolae_vaults_more_shelving_2, nicolae_vaults_mini_display_case,
          nicolae_vaults_apartment_2, nicolae_vaults_stairing_the_circle,
          nicolae_vaults_trapezoid_1, v_misc_22, nicolae_vaults_house_1,
          nicolae_vaults_storage_room_glass, nicolae_vaults_diamond_1,
          layout_vaults_maze_bifur
Vaults:5: serial_shops
Depths:1: layout_basic, pf_hell_entry_tar_spiral, nicolae_two_hexagons,
          patterned_corridor, grunt_megastairs_3
Depths:2: minmay_shoctagon, layout_basic, elyvilon_altar_4, serial_shops, shop,
          rand_demon_pan_entry_3, pf_coc_iceberg, st_stairs_9
Depths:3: cheibrodos_lost_city_excavation, layout_cave_pools, hell_entry,
          fedhas_altar_3, abyss_entry, minmay_staircase_statues_hall_small
Depths:4: evilmike_zot_entry_diamond, layout_twisted_cross, enter_ziggurat_f,
          hell_entry, nicolae_tricolors, minmay_shoptagon
Zot:1:    layout_twisted_circle
Zot:2:    layout_onion_interference
Zot:3:    lemuel_draconian_sentries_small, layout_gridlike
Zot:4:    regret_index_qazlal_generations, layout_cathedral_of_symmetry,
          nicolae_transmutations_shop
Zot:5:    layout_basic

Skill      XL: |  1  2  3  4  5  6  7  8  9 10 11 12 13 14 15 16 17 18 19 20 21 22 23 24 25 26 27 |
---------------+----------------------------------------------------------------------------------+-----
Fighting       | 2 3 4 6 7 8 9 10 11 12 13 15 17 18 19 20 21 22 23 | 23.3
Axes           | 1 3 4 5 7 9 11 12 13 14 15 16 17 | 17.9
Throwing       | 2 3 4 6 7 8 9 10 11 12 13 | 13.0
Armour         | 4 6 7 8 9 10 11 12 13 14 15 16 18 | 18.1
Invocations    | 3 4 5 6 8 9 10 | 10.0
Shields        | 3 5 6 7 8 9 10 11 12 13 14 15 16 18 | 18.1
Dodging        | 2 4 6 7 8 9 10 11 12 14 | 14.7
Transmutations | 2 4 6 7 8 9 |  9.0
Spellcasting   | 3 5 6 7 8 |  8.0
Evocations     | 2 4 6 7 9 10 11 12 | 12.0
Translocations | 4 8 11 13 | 13.0
Air Magic      | 6 13 | 13.0
Maces & Flails | |  2.2
Stealth        | |  3.2

Action                     |  1- 3 |  4- 6 |  7- 9 | 10-12 | 13-15 | 16-18 | 19-21 | 22-24 | 25-27 || total
---------------------------+-------+-------+-------+-------+-------+-------+-------+-------+-------++-------
  Melee: Mace              |   107 |       |       |       |       |       |       |       |       ||   107
         War axe           |    20 |    92 |   135 |       |       |       |       |       |       ||   247
         Punch             |       |       |     4 |     1 |       |       |       |       |       ||     5
         Broad axe         |       |       |    28 |   314 |   580 |   864 |   774 |   737 |  1026 ||  4323
   Fire: Sling             |     6 |       |       |       |       |       |       |       |       ||     6
  Throw: Dart              |       |     6 |     3 |     3 |     2 |       |       |       |       ||    14
         Throwing net      |       |       |       |     1 |       |     1 |     7 |     1 |     4 ||    14
         Javelin           |       |       |       |       |       |     7 |    11 |     1 |     1 ||    20
   Cast: Wereblood         |       |       |       |       |     2 |     9 |    22 |    15 |    14 ||    62
         Manifold Assault  |       |       |       |       |       |       |       |       |   150 ||   150
         Blink             |       |       |       |       |       |       |       |       |     2 ||     2
         Vhi's Electric Ch |       |       |       |       |       |       |       |       |     4 ||     4
 Invoke: Recall Ancestor   |       |       |     2 |     4 |     5 |     4 |     2 |     7 |     6 ||    30
         Ancestor Life: Ba |       |       |     1 |       |       |       |       |       |       ||     1
         Ancestor Identity |       |       |     1 |       |       |       |       |       |       ||     1
         Idealise          |       |       |       |       |     1 |     5 |    12 |     4 |    10 ||    32
         Transference      |       |       |       |       |     1 |     3 |     4 |     4 |     1 ||    13
  Evoke: Wand              |       |       |       |       |     4 |     8 |     3 |       |       ||    15
         Sack of spiders   |       |       |       |       |       |     2 |     1 |     1 |       ||     4
         Lightning rod     |       |       |       |       |       |     3 |       |       |       ||     3
         Phantom mirror    |       |       |       |       |       |     1 |     2 |       |       ||     3
         Tin of tremorston |       |       |       |       |       |     2 |     2 |       |       ||     4
    Use: Scroll            |       |     2 |       |    15 |    11 |    15 |     7 |    11 |     8 ||    69
         Potion            |       |       |       |     2 |     2 |    10 |     2 |     1 |    12 ||    29
   Stab: Sleeping          |     2 |       |       |       |       |       |       |       |       ||     2
         Distracted        |       |       |     1 |     4 |     9 |    14 |    17 |    16 |    18 ||    79
         Held in net/web   |       |       |       |     3 |       |     2 |     3 |     1 |     1 ||    10
         Confused          |       |       |       |       |     2 |       |       |       |       ||     2
         Petrifying        |       |       |       |       |       |     4 |       |       |       ||     4
         Petrified         |       |       |       |       |       |     3 |     7 |       |       ||    10
         Invisible         |       |       |       |       |       |     1 |       |       |     4 ||     5
 Armour: Leather armour    |    12 |       |       |       |       |       |       |       |       ||    12
         Chain mail        |   119 |    99 |   143 |   112 |   367 |       |   109 |   304 |   533 ||  1786
         Ring mail         |    10 |       |       |       |       |       |       |       |       ||    10
         Plate armour      |       |       |    45 |   133 |       |       |       |       |       ||   178
         Scale mail        |       |       |       |       |    65 |   492 |   246 |       |       ||   803
  Dodge: Dodged            |    40 |    48 |   111 |   108 |   206 |   326 |   218 |   199 |   342 ||  1598
  Block: Buckler           |       |       |       |    99 |   294 |   200 |       |       |       ||   593
         Reflection        |       |       |       |    11 |    17 |    86 |    91 |    87 |       ||   292
         Tower shield      |       |       |       |       |       |   605 |   681 |   797 |   944 ||  3027

Table legend: (Time is in decaauts)
 A = Elapsed time spent in this place.
 B = Non-inter-level travel time spent in this place.
 C = Inter-level travel time spent in this place.
 D = Time resting spent in this place.
 E = Time spent auto-exploring this place.
 F = Levels seen in this place.
 G = Mean time per level.
                   A        B        C        D        E       F      G
               +--------+--------+--------+--------+--------+-----+--------+
         Total |  57182 |  51473 |   5709 |   8260 |  30667 |  51 | 1121.2 |
       Dungeon |  16650 |  14326 |   2324 |   2189 |   8368 |  15 | 1110.0 |
        Temple |      1 |      1 |      0 |      0 |      0 |   1 |    1.0 |
          Lair |   6459 |   5519 |    940 |   1024 |   3573 |   5 | 1291.8 |
        Shoals |   4146 |   4062 |     84 |    178 |   3115 |   4 | 1036.5 |
     Snake Pit |   4202 |   3971 |    231 |    809 |   2194 |   4 | 1050.5 |
  Orcish Mines |   2933 |   2553 |    380 |   1401 |    713 |   2 | 1466.5 |
   Elven Halls |   5471 |   5070 |    401 |    756 |   3158 |   3 | 1823.7 |
        Vaults |   6583 |   5765 |    818 |    212 |   4058 |   5 | 1316.6 |
        Depths |   3603 |   3260 |    343 |    370 |   2191 |   4 |  900.8 |
           Zot |   4878 |   4693 |    185 |    672 |   3016 |   5 |  975.6 |
        Bailey |    849 |    849 |      0 |    300 |    216 |   1 |  849.0 |
      Ice Cave |    724 |    724 |      0 |    270 |     34 |   1 |  724.0 |
      Gauntlet |    679 |    679 |      0 |     78 |     29 |   1 |  679.0 |
               +--------+--------+--------+--------+--------+-----+--------+

Top non-repeatable levels by time:
   Elf:2: 2299 daAuts
   Elf:3: 1962 daAuts
   Orc:2: 1771 daAuts
Vaults:1: 1651 daAuts
Vaults:5: 1634 daAuts
     D:3: 1538 daAuts
  Lair:1: 1454 daAuts
  Lair:5: 1445 daAuts
   Zot:4: 1442 daAuts
  Lair:3: 1441 daAuts
Shoals:4: 1397 daAuts
     D:6: 1367 daAuts
    D:13: 1366 daAuts
 Snake:4: 1328 daAuts
Vaults:2: 1312 daAuts
